 Dungeon Sprint DCSS version 0.18.1-50-g88ac8fd (webtiles) character file.

346 Kagutsuchi the Fighter (level 6, -5/59 (63) HPs)
             Began as a Draconian Berserker on Oct 21, 2016.
             Was a Follower of Trog.
             Slain by a neqoxec (8 damage)
             ... while paralysed
             ... in the Dungeon (Sprint II: "The Violet Keep of Menkaure").
             The game lasted 00:00:58 (55 turns).

Kagutsuchi the Fighter (Draconian Berserker)          Turns: 55, Time: 00:00:58

HP:   -5/59 (63)    AC:  6    Str: 19      XL:     6   Next: 32%
MP:   4/4           EV:  2    Int:  0 (5)  God:    Trog [*.....]
Gold: 243           SH:  0    Dex: 12 (13) Spells: 0 memorised, 5 levels left

rFire  . . .     SeeInvis .     a - +0 falchion
rCold  . . .     Gourm    .     (armour unavailable)
rNeg   . . .     Faith    .     (no shield)
rPois  .         Spirit   .     (helmet restricted)
rElec  .         Dismiss  .     (no cloak)
rCorr  .         Reflect  .     (no gloves)
SustAt .         Harm     .     (no boots)
MR     .....     NoTele   +     (no amulet)
Stlth  +.........               (no ring)
                                (no ring)

@: paralysed, exhausted, non-regenerating, badly diseased, slowed, lost
intelligence, not resistant to hostile enchantments, very unstealthy
A: unfitting armour, dopey 1, low mp 2, cold-blooded, subdued magic 1, AC +6
a: Berserk, Burn Spellbooks, Renounce Religion


You were in the Dungeon.
You worshipped Trog.
Trog was aware of your devotion.
You were not hungry.

You visited 1 branch You collected 243 gold pieces.

Inventory:

Hand Weapons
 a - a +0 falchion (weapon)
Scrolls
 h - a scroll of blinking
Potions
 c - a potion of curing
 d - a potion of heal wounds
 e - a potion of haste
 f - 2 potions of magic
 g - a potion of berserk rage
Comestibles
 b - a bread ration


   Skills:
 + Level 9.3 Fighting
 + Level 8.4 Long Blades
 + Level 7.6 Dodging


You had 5 spell levels left.
You didn't know any spells.

Dungeon Overview and Level Annotations

Branches:
Dungeon (1/1)

Altars:


Innate Abilities, Weirdness & Mutations

Your plain brown scales are hard (AC +6).
Your body does not fit into most forms of armour.
You are cold-blooded and may be slowed by cold attacks.
You are dopey. (Int -2)
Your magical capacity is very low (-20% MP).
Your spells are a little easier to cast, but a little less powerful.


Message History

The neqoxec is almost dead.
The neqoxec gestures at you.
Strange energies course through your body.
You feel stupid.
You have lost your intelligence.
The quasit bites you but does no damage.
The quasit claws you.
* * * LOW HITPOINT WARNING * * *
You feel clumsy. The quasit claws you.
* * * LOW HITPOINT WARNING * * *
The shadow imp hits you but does no damage.
The quasit bites you but does no damage.
The quasit claws you but does no damage. x2
The neqoxec hits you but does no damage.
The shadow imp hits you but does no damage.
The quasit bites you but does no damage.
The quasit claws you but does no damage.
The quasit barely misses you. The neqoxec hits you!
You die...

## #. #
##5 ##.
#3#
#.B$##@##
#+.55+
#.B.##.##
##. ##'##
# #..†#
#..#..#
##. .##
## ##


You could see a neqoxec, a quasit, a shadow imp and an ufetubus.

Vanquished Creatures
  4 necrophages (D)
4 creatures vanquished.

Vanquished Creatures (others)
  Menkaure (D)
1 creature vanquished.

Grand Total: 5 creatures vanquished

Notes
Turn   | Place    | Note
--------------------------------------------------------------
     0 | D        | Kagutsuchi the Draconian Berserker began the quest for the Orb.
     0 | D        | Reached XP level 1. HP: 19/19 MP: 1/1
     1 | D        | Noticed a boulder beetle
     1 | D        | Noticed a boulder beetle
     5 | D        | Noticed a necrophage
     5 | D        | Noticed a necrophage
     5 | D        | Noticed a necrophage
     5 | D        | Noticed a necrophage
    14 | D        | Killed a necrophage
    14 | D        | Reached skill level 6 in Fighting
    14 | D        | Reached skill level 5 in Long Blades
    14 | D        | Reached skill level 5 in Dodging
    14 | D        | Reached XP level 2. HP: 28/28 MP: 2/2
    14 | D        | Reached XP level 3. HP: 35/35 MP: 3/3
    14 | D        | Reached XP level 4. HP: 42/42 MP: 4/4
    18 | D        | Killed a necrophage
    18 | D        | Reached skill level 7 in Fighting
    18 | D        | Reached XP level 5. HP: 49/49 MP: 5/5
    20 | D        | Killed a necrophage
    20 | D        | Reached skill level 8 in Fighting
    26 | D        | Killed a necrophage
    26 | D        | Reached skill level 9 in Fighting
    26 | D        | Reached XP level 6. HP: 55/59 MP: 6/6
    30 | D        | Killed Menkaure
    34 | D        | Noticed a neqoxec
    40 | D        | Gained mutation: Your spells are a little easier to cast, but a little less powerful. [a neqoxec]
    42 | D        | Gained mutation: Your magical capacity is low (-10% MP). [a neqoxec]
    46 | D        | Gained mutation: Your magical capacity is very low (-20% MP). [a neqoxec]
    53 | D        | Lost intelligence.
    53 | D        | Gained mutation: You are dopey. (Int -2) [a neqoxec]
    55 | D        | Slain by a neqoxec

Skill      XL: |  1  2  3  4  5 |
---------------+----------------+-----
Fighting       | 6 7 9 |  9.3
Long Blades    | 5 6 8 |  8.4
Dodging        | 5 6 7 |  7.6

Action                   |  1- 3 |  4- 6 || total
-------------------------+-------+-------++-------
Melee: Falchion          |     8 |    27 ||    35
       Tailslap          |     1 |     7 ||     8
Invok: Berserk           |     1 |       ||     1
Armor: Skin              |       |    23 ||    23
Dodge: Dodged            |     2 |    51 ||    53
